 Dungeon Crawl Stone Soup version 0.28.0-43-g3370ac3207 (webtiles) character file.

Game seed: 1234448790171115

140 rlgrobin the Digger (level 5, -1/28 HPs)
             Began as a Gargoyle Earth Elementalist on Mar 4, 2022.
             Slain by an elf zombie (5 damage)
             ... in an ossuary.
             The game lasted 00:04:42 (4316 turns).

rlgrobin the Digger (Gargoyle Earth Elementalist)   Turns: 4316, Time: 00:04:42

Health: -1/28      AC: 13    Str: 14    XL:     5   Next: 22%
Magic:  10/10      EV:  6    Int: 15    God:
Gold:   109        SH:  0    Dex: 10    Spells: 5/11 levels left

rFire   . . .      SeeInvis .   a - staff of cold
rCold   + . .      Faith    .   (no shield)
rNeg    + . .      Spirit   .   o - +0 chain mail
rPois   ∞          Reflect  .   t - +0 helmet
rElec   +          Harm     .   (no cloak)
rCorr   .          Rampage  .   (no gloves)
Will    .....                   (no boots)
Stlth   ..........              (no amulet)
HPRegen 0.09/turn               (no ring)
MPRegen 0.12/turn               (no ring)

@: about to teleport, marked, on berserk cooldown, slowed, very slow
A: sickness immunity, AC +4, negative energy resistance 1, electricity
resistance, torment resistance 1, petrification resistance
a: no special abilities


You were in an ossuary.
You visited 1 branch of the dungeon, and saw 4 of its levels.
You also visited: Ossuary.

You collected 109 gold pieces.

Inventory:

Hand Weapons
 k - a +1 dagger
Missiles
 c - 188 stones
 i - 2 atropa-tipped darts
 j - 5 poisoned darts
Armour
 b - a +0 robe
 o - a +0 chain mail (worn)
 t - a +0 helmet (worn)
Magical Staves
 a - a staff of cold (weapon)
Jewellery
 r - a ring of ice
Scrolls
 f - a scroll of amnesia
 s - a scroll of teleportation
Potions
 m - a potion of cancellation {unknown}
 n - 3 potions of heal wounds {unknown}
 p - a potion of haste {unknown}
 q - a potion of attraction {unknown}
 u - a potion of lignification {unknown}


   Skills:
 - Level 0.5 Fighting
 - Level 0.4 Staves
 + Level 0.9 Armour
 - Level 1.5 Dodging
 - Level 2.1 Stealth
 + Level 3.5 Spellcasting
 - Level 0.7 Transmutations
 + Level 5.3 Earth Magic


You had 5 spell levels left.
You knew the following spells:

 Your Spells              Type           Power      Damage    Failure   Level
a - Sandblast             Erth           36%        2d10      52%         1
b - Stone Arrow           Conj/Erth      20%        3d8       99%         3
q - Passwall              Tmut/Erth      9%         N/A       94%         2

Your spell library contained the following spells:

 Spells                   Type           Power      Damage    Failure   Level
 Petrify                  Tmut/Erth      11%        N/A       100%        4


Dungeon Overview and Level Annotations

Branches:
Dungeon (4/15)            Ossuary (1/1)
 Temple: D:4-7

Altars:
The Shining One


Innate Abilities, Weirdness & Mutations

You are immune to sickness and miasma.
Your stone body is resilient. (AC +4)
You are immune to poison.
You resist negative energy. (rN+)
You are resistant to electric shocks. (rElec)
You are resistant to unholy torment.
You are immune to petrification.


Message History

The orc zombie hits you but does no damage.
The elf zombie hits you but does no damage.
The orc zombie hits you but does no damage.
You now have 20/28 hp.
As you read the scroll labelled KEJOPU FUDDE, it crumbles to dust.
It is a scroll of amnesia.
Really abort (and waste the scroll)?
Okay, then.
The hobgoblin zombie hits you but does no damage.
The orc zombie closely misses you. The elf zombie barely misses you.
The orc zombie hits you but does no damage.
As you read the scroll labelled CAD ULYOZXO, it crumbles to dust.
It is a scroll of enchant weapon.
Your +0 dagger glows red for a moment.
The hobgoblin zombie hits you but does no damage.
The orc zombie hits you but does no damage.
The elf zombie hits you.
* * * LOW HITPOINT WARNING * * *
The hobgoblin zombie hits you but does no damage.
You take 5 damage, and have 15/28 hp.
As you read the scroll labelled AHAJEA DYNUGA, it crumbles to dust.
The creatures around you are filled with an inner flame!
It was a scroll of immolation.
The orc zombie barely misses you.
The elf zombie hits you but does no damage.
The orc zombie barely misses you.
As you read the scroll labelled HOVOSE QYRIOTI, it crumbles to dust.
Your body is wracked with pain!
* * * LOW HITPOINT WARNING * * *
It was a scroll of torment.
The elf zombie completely misses you. The mummy hits you!
* * * LOW HITPOINT WARNING * * *
The orc zombie hits you but does no damage.
The elf zombie hits you but does no damage.
You take 12 damage, and have 3/28 hp.
As you read the scroll labelled FELAZO WIREE, it crumbles to dust.
You feel strangely unstable.
It was a scroll of teleportation.
The mummy hits you but does no damage.
The orc zombie hits you but does no damage.
The elf zombie hits you.
You die...

#...##############...#
#...# ...# #...# #...#
#...# #...# #...#
....+####...# #...#
#.∩.....#...# #...#
#.......#...# #...#
#Z......#...#
#...#Z####ZZ.....#...#
#...#ZZZZ@MZ.....#...#
#...#Z####MZ####.#...#
#...# #Z^# #...# #...#
#..# #...#
#...######^.######...#
#....................#
#........8..8........#
#....................#
#....................#


You could see 2 mummies, a rat zombie (inner flame), 2 hobgoblin zombies, 3 orc
zombies, 2 elf zombies, 2 centaur zombies and 2 human zombies.

Vanquished Creatures
  6 adders
  An ufetubus (D:4)
  2 worms
  A dart slug (D:2)
  2 ball pythons
  2 endoplasms
  5 giant cockroaches
  7 goblins
  7 hobgoblins
  4 jackals (D:3)
  A quokka (D:2)
  4 bats
  2 frilled lizards (D:2)
  4 hobgoblin zombies (Ossuary)
  7 kobolds
  9 kobold zombies (Ossuary)
  7 orc zombies (Ossuary)
  5 rats
76 creatures vanquished.

Notes
Turn   | Place    | Note
-------+----------+-------------------------------------------
     0 | D:1      | rlgrobin the Gargoyle Earth Elementalist began the quest
                  | for the Orb.
     0 | D:1      | Reached XP level 1. HP: 10/10 MP: 3/3
   277 | D:1      | Reached skill level 4 in Earth Magic
   277 | D:1      | Reached XP level 2. HP: 9/15 MP: 3/5
  1186 | D:2      | Reached XP level 3. HP: 19/19 MP: 6/6
  1203 | D:2      | Learned a level 2 spell: Passwall
  1207 | D:2      | Learned a level 3 spell: Stone Arrow
  1751 | D:2      | Found a glowing golden altar of the Shining One.
  1992 | D:2      | Reached XP level 4. HP: 23/24 MP: 8/8
  2059 | D:2      | Reached skill level 5 in Earth Magic
  2712 | D:2      | Identified the +2 short sword of Uwaluxab {drain, Drain rC+
                  | Dex+4 Stlth+}
  3853 | D:4      | Reached XP level 5. HP: 24/28 MP: 10/10
  4024 | D:4      | Found a sand-covered staircase.
  4029 | Ossuary  | Entered an ossuary
  4316 | Ossuary  | Slain by an elf zombie

Illustrated notes

Levels and vault maps discovered:
D:1:      wander_arrival_lonely_grave, layout_rooms
D:2:      layout_loops_ring, basic_altar, chequers_mini_garden
D:3:      layout_basic
D:4:      layout_rooms, enter_ossuary_5
Ossuary:  ossuary_tomb_1

Skill      XL: |  1  2  3  4 |
---------------+-------------+-----
Earth Magic    | 4 5 |  5.3
Spellcasting   | 3 |  3.5
Fighting       | |  0.5
Staves         | |  0.4
Armour         | |  0.9
Dodging        | |  1.5
Stealth        | |  2.1
Transmutations | |  0.7

Action                   |  1- 3 |  4- 6 || total
-------------------------+-------+-------++-------
Melee: Dagger            |    99 |    27 ||   126
       Whip              |     8 |       ||     8
       Unarmed           |     3 |       ||     3
       Punch             |     1 |     5 ||     6
       Staff             |       |   229 ||   229
 Cast: Sandblast         |    29 |     8 ||    37
  Use: Scroll            |       |     5 ||     5
       Potion            |       |     2 ||     2
 Stab: Distracted        |     1 |       ||     1
       Sleeping          |       |     3 ||     3
Armor: Robe              |    45 |    40 ||    85
       Chain mail        |       |   156 ||   156
Dodge: Dodged            |    77 |   114 ||   191
